 Dungeon Crawl Stone Soup version 0.31.0-4-g52a2dc7128 (webtiles) character file.

Game seed: 7237938891626252088

1597 Sweeb the Shield-Bearer (level 8, -4/62 HPs)
             Began as a Demonspawn Fighter on Jan 23, 2024.
             Engulfed by a steam dragon's steam (7 damage)
             ... on level 6 of the Dungeon.
             The game lasted 00:06:20 (4891 turns).

Sweeb the Shield-Bearer (Demonspawn Fighter)        Turns: 4891, Time: 00:06:20

Health: -4/62      AC: 14    Str: 18    XL:     8   Next: 62%
Magic:  8/8        EV:  5    Int:  8    God:
Gold:   235        SH: 11    Dex: 16    Spells: 7/7 levels left

rFire   . . .        a - +0 trident
rCold   . . .        c - +1 buckler
rNeg    . . .        o - +0 plate armour
rPois   .            n - +2 hat
rElec   .            (no cloak)
rCorr   .            (no gloves)
SInv    .            (no boots)
Will    .....        q - amulet of the acrobat Stlth
                     (no ring)
HPRegen 0.30/turn    (no ring)
MPRegen 0.11/turn

%: acrobat
@: no status effects
A: hooves 1, large bone plates 1, powered by death 1, thin skeletal structure 1,
mutation resistance 1
a: no special abilities


You were on level 6 of the Dungeon.
You visited 1 branch of the dungeon, and saw 6 of its levels.

You collected 265 gold pieces.
You spent 30 gold pieces at shops.

Inventory:

Hand Weapons
 a - a +0 trident (weapon)
Missiles
 d - 2 throwing nets (quivered)
Armour
 b - a +0 scale mail
 c - a +1 buckler (worn)
 n - a +2 hat (worn)
 o - a +0 plate armour (worn)
Jewellery
 q - an amulet of the acrobat (around neck)
Wands
 r - a wand of flame (10)
Scrolls
 e - 4 scrolls of vulnerability
 l - 2 scrolls of immolation
 p - a scroll of fear
Potions
 f - a potion of resistance
 g - 4 potions of curing
 h - 3 potions of magic
 i - 3 potions of attraction
 j - a potion of mutation
 m - 2 potions of lignification


   Skills:
 + Level 5.3 Fighting
 * Level 6.0 Polearms
 + Level 4.6 Armour
 * Level 6.4 Shields


You had 7 spell levels left.
You didn't know any spells.
Your spell library contained the following spells:

 Spells                   Type           Power      Damage    Failure   Level
 Magic Dart               Conj           0%         1d3       100%        1
 Blink                    Tloc           0%         N/A       100%        2
 Call Imp                 Summ           0%         N/A       100%        2
 Cigotuvi's Dreadful Rot  Necr/Alch/Air  0%         N/A       100%        2
 Tukima's Dance           Hex            0%         N/A       100%        3
 Cause Fear               Hex            0%         N/A       100%        4
 Dispel Undead            Necr           0%         3d6       100%        4
 Martyr's Knell           Necr/Summ      0%         N/A       100%        4
 Passage of Golubria      Tloc           0%         N/A       100%        4
 Fireball                 Conj/Fire      0%         3d3       100%        5
 Yara's Violent Unravell  Hex/Alch       0%         3d3       100%        5
 Death Channel            Necr           0%         N/A       100%        6
 Dragon's Call            Summ           0%         N/A       100%        9


Dungeon Overview and Level Annotations

Branches:
Dungeon (6/15)
 Temple: D:4-7

Altars:
Hepliaklqana
Wu Jian
Xom

Shops:
D:6 *


Innate Abilities, Weirdness & Mutations

You have large cloven feet.
You are partially covered in large bone plates. (SH +4)
You regenerate a little health from kills.
You have a somewhat thin skeletal structure. (Dex +2, Stealth+)
You are somewhat resistant to further mutation.


Message History

You hear an angry hiss.
You closely miss the steam dragon.
The steam dragon is moderately wounded.
You are engulfed in a cloud of scalding steam.
You block the steam dragon's attack.
The steam dragon claws you but does no damage.
You hit the steam dragon but do no damage.
The steam dragon is moderately wounded.
You are engulfed in a cloud of scalding steam.
The steam dragon breathes steam at you. The ball of steam hits you!
You hit the steam dragon but do no damage.
The steam dragon is moderately wounded.
The steam dragon bites you but does no damage.
The steam dragon claws you but does no damage.
You hit the steam dragon.
The steam dragon is moderately wounded.
The steam dragon bites you but does no damage.
You block the steam dragon's attack.
You barely miss the steam dragon. You kick the steam dragon.
The steam dragon is heavily wounded.
The steam dragon bites you but does no damage.
The steam dragon claws you but does no damage.
You hit the steam dragon but do no damage.
You kick the steam dragon.
The steam dragon is severely wounded.
You block the steam dragon's attack.
The steam dragon claws you but does no damage.
You hit the steam dragon.
The steam dragon is almost dead.
The steam dragon bites you. You block the steam dragon's attack.
You hit the steam dragon. Your kick misses the steam dragon.
The steam dragon is almost dead.
The steam dragon breathes steam at you. The ball of steam hits you!!
* * * LOW HITPOINT WARNING * * *
You closely miss the steam dragon.
The steam dragon is almost dead.
You are engulfed in a cloud of scalding steam.
You die...

.#..#.. ..#....#
........ #....... # #
...... ##. .## #...#
#... ...## ....#
..%..#####.....# ∩.#.##.
#...§§@Dh.#
..#.##.#.....##§##.....#
..#.##.##.. ##...##...##
..#..#..#####.....# ###
...............####
#.##...###..##..#
#.####.##...###.# #)#
#.......# ... #.#
#..##.#.######


You could see a steam dragon (catching breath) and a black bear.

Vanquished Creatures
  Grinder (D:3)
  Duvessa (D:6)
  A black bear (D:5)
  An ogre (D:5)
  A phantom (D:4)
  Blork the orc (D:6)
  A bullfrog (D:6)
  3 scorpions
  Dowan (D:6)
  A howler monkey (D:6)
  2 bombardier beetles
  A hound (D:4)
  A jelly (D:5)
  Crazy Yiuf (D:3)
  A sleepcap (D:4)
  5 iguanas
  Ijyb (D:5)
  Natasha (thrice) (D:3)
  3 orc wizards (D:5)
  3 gnolls (D:4)
  7 adders
  A shadow imp (D:5)
  4 ribbon worms
  4 dart slugs
  11 orcs
  3 endoplasms
  6 giant cockroaches
  7 goblins
  A hobgoblin (D:3)
  5 jackals
  8 kobolds
  5 quokkas
  5 ball pythons
  5 bats
  2 frilled lizards
  7 rats
114 creatures vanquished.

Notes
Turn   | Place    | Note
-------+----------+-------------------------------------------
     0 | D:1      | Sweeb the Demonspawn Fighter began the quest for the Orb.
     0 | D:1      | Reached XP level 1. HP: 18/18 MP: 1/1
   141 | D:1      | Gained mutation: You have large cloven feet. [demonic
                  | ancestry]
   141 | D:1      | Reached XP level 2. HP: 24/24 MP: 2/2
   983 | D:2      | Reached XP level 3. HP: 29/29 MP: 3/3
  1050 | D:2      | Noticed an eye of devastation
  1089 | D:2      | Noticed a golden eye
  1092 | D:2      | Found a faded altar of an unknown god.
  1094 | D:2      | Noticed a golden eye
  1094 | D:2      | Noticed a great orb of eyes
  1165 | D:2      | Gained mutation: You are partially covered in large bone
                  | plates. (SH +4) [demonic ancestry]
  1165 | D:2      | Reached XP level 4. HP: 22/35 MP: 4/4
  1717 | D:3      | Found an ornate altar of the Wu Jian Council.
  1795 | D:3      | Noticed Natasha
  1803 | D:3      | Killed Natasha
  1894 | D:3      | Noticed Natasha
  1899 | D:3      | Killed Natasha
  1900 | D:3      | Gained mutation: You regenerate a little health from kills.
                  | [demonic ancestry]
  1900 | D:3      | Reached XP level 5. HP: 41/41 MP: 5/5
  2007 | D:3      | Noticed Natasha
  2016 | D:3      | Killed Natasha
  2155 | D:3      | Noticed Grinder
  2177 | D:3      | Killed Grinder
  2178 | D:3      | Reached XP level 6. HP: 22/48 MP: 6/6
  2451 | D:3      | Found a runed translucent door.
  2452 | D:3      | Noticed Crazy Yiuf
  2518 | D:3      | Killed Crazy Yiuf
  2906 | D:4      | Reached XP level 7. HP: 54/54 MP: 7/7
  3165 | D:4      | Reached skill level 5 in Shields
  3533 | D:4      | Found a shimmering altar of Xom.
  3534 | D:4      | Found a hazy altar of Hepliaklqana.
  3534 | D:4      | Noticed a hell beast
  3537 | D:4      | Noticed a spectral ugly thing
  3537 | D:4      | Noticed a hell beast
  3708 | D:5      | Entered Level 5 of the Dungeon
  3829 | D:5      | Reached skill level 5 in Polearms
  3978 | D:5      | Reached XP level 8. HP: 53/61 MP: 8/8
  4008 | D:5      | Noticed Ijyb
  4023 | D:5      | Killed Ijyb
  4683 | D:6      | Noticed Blork the orc
  4686 | D:6      | Reached skill level 5 in Fighting
  4694 | D:6      | Killed Blork the orc
  4726 | D:6      | Found Rash's General Store.
  4734 | D:6      | Bought a scroll of identify for 30 gold pieces
  4737 | D:6      | Noticed Dowan
  4739 | D:6      | Noticed Duvessa
  4747 | D:6      | Gained mutation: You are somewhat resistant to further
                  | mutation. [potion of mutation]
  4747 | D:6      | Gained mutation: You have a somewhat thin skeletal
                  | structure. (Dex +2, Stealth+) [potion of mutation]
  4757 | D:6      | Killed Duvessa
  4769 | D:6      | Killed Dowan
  4890 | D:6      | HP: 3/62 [steam dragon/ball of steam (18)]
  4891 | D:6      | Engulfed by a steam dragon's steam

Illustrated notes

Levels and vault maps discovered:
D:1:      dpeg_arrival_houses_and_road, layout_basic,
          chequers_serial_rivers_micro_d
D:2:      layout_rooms, basic_altar, hellmonk_ecumenical_altar_watching_god,
          minmay_tetromino_o4
D:3:      layout_loops_ring, mainiacjoe_overflow_24_doors,
          uniq_crazy_yiuf_cottage, uniq_grinder, uniq_natasha
D:4:      layout_loops_ring, regret_index_temple_of_mockery
D:5:      layout_loops_ring, hangedman_decor_slide_cut,
          wad_floor_pattern_untrapped, uniq_ijyb
D:6:      minmay_octagon_keep, layout_rooms, grunt_gozag_breadcrumbs,
          mainiacjoe_overflow_large_starburst, serial_shops, shop, uniq_duvessa,
          uniq_blork_the_orc

Skill      XL: |  1  2  3  4  5  6  7  8 |
---------------+-------------------------+-----
Polearms       | 2 3 4 5 6 |  6.0
Shields        | 3 4 5 6 |  6.4
Armour         | 3 4 |  4.6
Fighting       | 4 5 |  5.3

Action                     |  1- 3 |  4- 6 |  7- 9 || total
---------------------------+-------+-------+-------++-------
  Melee: Trident           |   111 |   141 |   225 ||   477
         Kick              |    15 |    39 |    65 ||   119
    Use: Scroll            |     5 |     5 |     4 ||    14
         Potion            |       |     5 |     2 ||     7
 Armour: Scale mail        |    75 |    63 |     9 ||   147
         Plate armour      |       |       |   122 ||   122
  Dodge: Dodged            |    46 |    32 |    27 ||   105
  Block: Buckler           |    30 |    40 |    71 ||   141
